 Dungeon Crawl Stone Soup version 0.31-a0-1447-g87ca8d402b (webtiles) character file.

Game seed: 8606589533048079075

55267 Sobieck the Mimic (level 14, 0/181 HPs)
             Began as a White Draconian Shapeshifter on Dec 27, 2023.
             Was a High Priest of Trog.
             Killed from afar by a gargoyle (7 damage)
             ... with a stone arrow
             ... while petrified by a catoblepas
             ... in a Gauntlet.
             The game lasted 00:42:09 (20749 turns).

Sobieck the Mimic (White Draconian Shapeshifter)   Turns: 20749, Time: 00:42:10

Health: 0/181      AC: 12    Str: 27    XL:     14   Next: 37%
Magic:  20/20      EV:  2    Int: 10    God:    Trog [*****.]
Gold:   1324       SH:  0    Dex: 12    Spells: 13/13 levels left

rFire   . .          .
                       - Unarmed
rCold   + . .        (shield currently unavailable)
rNeg    + + +        (body armour unavailable)
rPois   ∞            U - +1 hat
rElec   +            j - +1 cloak
rCorr   .            (no gloves)
SInv    .            B - +0 pair of boots
Will    +....        (no amulet) Stlth
                     C - +5 ring of evasion
HPRegen 0.50/turn    G - ring "Vouth" {Fly rElec Str+6 Stlth-}
MPRegen 0.17/turn

%: no teleportation
@: berserking, flux-form, petrified, flying, glowing
A: glow, contaminating, breathe frost, AC +8, unfitting armour, cold resistance
1, cold-blooded
a: Breathe Frost, Begin Untransformation, Renounce Religion, Berserk, Trog's
Hand, Brothers in Arms


You were in a Gauntlet.
You worshipped Trog.
Trog was extremely pleased with you.
You were something dangerously unstable.
You visited 2 branches of the dungeon, and saw 17 of its levels.
You also visited: Gauntlet.

You collected 1324 gold pieces.

Inventory:

Hand Weapons
 W - a +3 double sword {god gift}
Missiles
 F - 3 curare-tipped darts
Armour
 j - a +1 cloak (worn)
 B - a +0 pair of boots (worn)
 P - a +0 kite shield
 U - a +1 hat (worn)
Jewellery
 m - a ring of willpower
 n - a ring of positive energy
 r - a +6 ring of intelligence
 s - a ring of see invisible
 C - a +5 ring of evasion (left hand)
 G - the ring "Vouth" (right hand) {Fly rElec Str+6 Stlth-}
   (You found it on level 10 of the Dungeon)

   [ring of strength]

   Str+6:     It affects your strength (+6).
   rElec:     It insulates you from electricity.
   Fly:       It grants you flight.
   Stlth-:    It makes you less stealthy.
 Z - a ring of fire
Talismans
 c - a flux talisman (active)
Wands
 a - a wand of acid (7)
 q - a wand of polymorph (8)
 y - a wand of roots (23)
 D - a wand of digging (5)
 E - a wand of charming (6)
 V - a wand of flame (32)
Scrolls
 b - 2 scrolls of blinking
 d - 2 scrolls of vulnerability
 e - 4 scrolls of poison
 l - 3 scrolls of fear
 p - 3 scrolls of enchant armour
 t - 4 scrolls of enchant weapon
 x - 3 scrolls of brand weapon
 I - a scroll of acquirement
 J - a scroll of torment
 K - a scroll of silence {!r}
 M - a scroll of noise {unknown}
 O - a scroll of fog
 R - a scroll of immolation
 S - a scroll of butterflies {unknown}
 T - 8 scrolls of teleportation
 X - a scroll of revelation
Potions
 f - 7 potions of magic
 g - 2 potions of invisibility
 h - 2 potions of mutation
 i - 4 potions of might
 k - 4 potions of heal wounds
 o - 4 potions of resistance
 u - 3 potions of attraction
 v - a potion of cancellation
 w - 7 potions of lignification
 z - 2 potions of brilliance
 A - a potion of berserk rage
 H - 3 potions of haste
 L - 2 potions of enlightenment
 Q - 6 potions of curing
Miscellaneous
 N - a sack of spiders
 Y - a tin of tremorstones (2/2)


   Skills:
 - Level 10.0 Fighting
 - Level 10.0 Dodging
 + Level 7.6 Stealth
 - Level 12.0 Unarmed Combat
 + Level 8.7 Invocations
 - Level 14.0 Shapeshifting


You had 13 spell levels left.
You didn't know any spells.
Your spell library contained the following spells:

 Spells                   Type           Power      Damage    Failure   Level
 Call Canine Familiar     Summ           0%         N/A       75%         3
 Frozen Ramparts          Ice            0%         1d1       75%         3
 Sigil of Binding         Hex            0%         N/A       75%         3
 Dimensional Bullseye     Hex/Tloc       0%         N/A       98%         4
 Leda's Liquefaction      Alch/Erth      0%         N/A       98%         4
 Petrify                  Alch/Erth      0%         N/A       98%         4
 Metabolic Englaciation   Hex/Ice        0%         N/A       100%        5


Dungeon Overview and Level Annotations

Branches:
Dungeon (13/15)            Temple (0/1) D:7            Lair (4/5) D:8
 Shoals (0/4) Lair:2        Snake (0/4) Lair:3          Orc (0/2) D:11
Gauntlet (1/1)
  Slime: Lair:4-5    Vaults: D:13-14

Altars:
Ashenzari
Cheibriados
Elyvilon
Gozag
Hepliaklqana
Kikubaaqudgha
Makhleb
Okawaru
Qazlal
Ru
Trog
Uskayaw
Wu Jian
Xom
Zin

Annotations:
D:7 3 runed translucent doors, Loonster's ghost, novice TrSh; Tollund's ghost, novice TrSh
D:8 centaur island
D:9 6 transporters
Lair:2 3 runed translucent doors, gummybears's ghost, journeyman TrFi Gauntlet 7 transporters, 3 runed translucent doors


Innate Abilities, Weirdness & Mutations

You are something dangerously unstable.
You glow with magical radiation, making you easy to see and hit.
Foes you strike become dangerously contaminated with magical radiation.
You are immune to poison.
You are incapable of wielding weapons or throwing items.
You can breathe waves of freezing cold which knock back foes.
Your icy white scales are hard. (AC +8)
You cannot fit into any form of body armour.
Your flesh is cold resistant. (rC+)
You are cold-blooded and may be slowed by cold attacks.


Message History

You feel limber!
You feel magically purged.
The catoblepas stops glowing.
The gargoyle hits you with a +0 mace!
The catoblepas gores you but does no damage.
A red film seems to cover your vision as you go berserk!
You feel yourself moving faster!
You feel mighty!
The gargoyle hurls a stone arrow at you.
The stone arrow hits you!
The catoblepas gores you but does no damage.
Unknown command.
You hit the catoblepas.
The catoblepas begins to glow.
The catoblepas is almost dead.
The gargoyle completely misses you.
The catoblepas breathes a plume of calcifying dust at you.
The blast of calcifying dust hits you but does no damage.
You hit the catoblepas.
The catoblepas glows dangerously bright.
You tail-slap the catoblepas!
The catoblepas is almost dead.
You are engulfed in calcifying dust.
You are slowing down.
You punch the catoblepas!
You kill the catoblepas!
Trog accepts your kill.
You are engulfed in calcifying dust.
Your limbs have turned to stone.
The gargoyle hurls a stone arrow at you.
The stone arrow hits you!!
* * * LOW HITPOINT WARNING * * *
The gargoyle hurls a stone arrow at you.
The stone arrow hits you!
* * * LOW HITPOINT WARNING * * *
You have turned to stone.
You are engulfed in calcifying dust.
The gargoyle hits you with a +0 mace!
* * * LOW HITPOINT WARNING * * *
You are engulfed in calcifying dust.
The gargoyle hits you but does no damage.
The gargoyle hurls a stone arrow at you.
The stone arrow hits you!!
* * * LOW HITPOINT WARNING * * *
You are engulfed in calcifying dust.
The hell hound pauses to sniff the ground.
The gargoyle hits you but does no damage.
The gargoyle hurls a stone arrow at you.
The stone arrow hits you!!
* * * LOW HITPOINT WARNING * * *
You are engulfed in calcifying dust.
The gargoyle hits you but does no damage.
The gargoyle hurls a stone arrow at you.
The stone arrow hits you!
You die...

#≈..#####.##.##..#.#.©.#.#..##
##§.#..[.©[...#..#.#≈≈≈#.#..≈#
#§..###########..#w#####.#..##
##.§....#©#......#ww.©!ww#..§#
#§.§....#©#......#########..##
##§.###########.....#©#.....≈#
#≈..#..#.##..##.....#©#.....##
##..###..#.##§#..#########..≈#
#≈..##.##.##9p#..#hh8#8..#..##
##..##...#..#9#..#2..8...#..≈#
#§..#####.###.#..#8.8.8.8#..##
##§.#Y...###.##..##8.©.8##..≈#
#≈..##.####..##..#8.8.8.8#.§##
##..#..##.#$###..#4..8...#..§#
#§..#..".©:#.##..#..?©[=.#.§##
##..###########..#########..≈#
#≈..............∩.........§.##


You could see a hellion, 3 swamp worms, a red devil, 2 hell hounds and 2
gargoyles.

Vanquished Creatures
  Gastronok (Lair:1)
  2 hydras
  A catoblepas (Gauntlet)
  2 two-headed ogres
  5 boulder beetles
  2 tengu warriors (D:13)
  A two-headed ogre (shapeshifter) (D:13)
  6 death yaks (Lair:3)
  Sonja (D:11)
  Amaemon (Lair:2)
  Pikel (D:5)
  An oklob plant (Lair:1)
  4 ugly things
  A cyclops (D:12)
  A manticore (Lair:2)
  21 elephants
  3 black mambas
  3 gargoyles
  An orange demon (Lair:2)
  2 torpor snails (Lair:1)
  2 rime drakes
  5 cane toads
  An unseen horror (D:12)
  5 komodo dragons
  2 ice devils (D:12)
  2 polar bears
  4 trolls
  4 hornets
  A wind drake (Lair:2)
  13 blink frogs
  A glass eye (D:10)
  A ynoxinul (Gauntlet)
  A shadow (D:12)
  52 yaks
  3 vampires
  3 wraiths
  5 wyverns
  4 basilisks
  Grum (D:9)
  2 steam dragons
  13 vampire mosquitoes
  2 nagas (Lair:3)
  5 acid dragons
  3 water moccasins
  4 black bears
  10 orc warriors
  4 ogres
  16 wolves
  10 centaurs
  A phantom (D:6)
  A lemure (D:5)
  Blork the orc (D:5)
  2 kobold brigands
  2 scorpions (D:5)
  11 bullfrogs
  9 wights
  A burial acolyte (D:8)
  15 killer bees
  6 howler monkeys
  5 electric eels
  3 bombardier beetles (D:5)
  2 jellies
  4 orc priests
  4 hounds (D:5)
  2 iron imps (Gauntlet)
  A gnoll bouda (D:5)
  A sleepcap (D:5)
  3 iguanas
  8 orc wizards
  A hound zombie (D:8)
  A mummy (D:8)
  5 adders
  12 gnolls
  4 shadow imps
  3 white imps
  4 ufetubi
  2 adder zombies (D:8)
  A worm (D:4)
  A dart slug (D:4)
  26 orcs
  10 ball pythons
  12 endoplasms
  A giant cockroach (D:1)
  A gnoll zombie (D:8)
  5 goblins
  7 hobgoblins
  3 jackals (D:3)
  6 quokkas
  8 bats
  4 frilled lizards
  12 kobolds
  3 kobold zombies (D:8)
  6 rats
459 creatures vanquished.

Vanquished Creatures (others)
  A molten gargoyle (Gauntlet)
  A blink frog (Lair:2)
2 creatures vanquished.

Grand Total: 461 creatures vanquished

Notes
Turn   | Place    | Note
-------+----------+-------------------------------------------
     0 | D:1      | Sobieck the Draconian Shapeshifter began the quest for the
                  | Orb.
     0 | D:1      | Reached XP level 1. HP: 16/16 MP: 1/1
    99 | D:1      | Reached XP level 2. HP: 23/23 MP: 2/2
   384 | D:1      | Reached XP level 3. HP: 29/29 MP: 3/3
   516 | D:1      | Found a faded altar of an unknown god.
   798 | D:1      | Prayed at the altar of an unknown god.
   798 | D:1      | Became a worshipper of Trog the Wrathful
   798 | D:1      | Reached * piety under Trog
  1943 | D:3      | Reached XP level 4. HP: 34/36 MP: 4/4
  1967 | D:3      | Found a sacrificial altar of Ru.
  2331 | D:3      | Reached ** piety under Trog
  2932 | D:4      | Reached XP level 5. HP: 42/42 MP: 5/5
  3245 | D:4      | Found an opulent altar of Gozag.
  3475 | D:5      | Entered Level 5 of the Dungeon
  3504 | D:5      | Noticed Blork the orc
  3511 | D:5      | Killed Blork the orc
  3516 | D:5      | Reached skill level 3 in Fighting
  3580 | D:5      | Reached skill level 3 in Dodging
  3580 | D:5      | Reached XP level 6. HP: 51/51 MP: 6/6
  3604 | D:5      | Reached skill level 4 in Shapeshifting
  3856 | D:5      | Your scales start taking on an icy white colour.
  3856 | D:5      | Reached XP level 7. HP: 58/58 MP: 7/7
  3856 | D:5      | Gained mutation: Your flesh is cold resistant. (rC+) [White
                  | Draconian growth]
  4063 | D:5      | Reached skill level 6 in Unarmed Combat
  4154 | D:5      | Noticed Pikel
  4168 | D:5      | Killed Pikel
  4169 | D:5      | Reached skill level 5 in Shapeshifting
  4169 | D:5      | Reached XP level 8. HP: 68/68 MP: 8/8
  4293 | D:5      | Reached skill level 6 in Shapeshifting
  4761 | D:6      | Found a shimmering altar of Xom.
  4934 | D:6      | Reached skill level 7 in Shapeshifting
  5666 | D:7      | Reached *** piety under Trog
  5745 | D:7      | Reached skill level 8 in Shapeshifting
  5745 | D:7      | Reached XP level 9. HP: 74/74 MP: 9/9
  5756 | D:7      | Reached skill level 9 in Shapeshifting
  5823 | D:7      | Found a hide-covered altar of Uskayaw.
  6066 | D:7      | Reached skill level 6 in Fighting
  6473 | D:7      | Found a runed translucent gate.
  6474 | D:7      | Found a runed translucent gate.
  6474 | D:7      | Found a runed translucent gate.
  6713 | D:7      | Found a staircase to the Ecumenical Temple.
  6953 | D:7      | Noticed Loonster's ghost (novice TrSh)
  6953 | D:7      | Noticed Tollund's ghost (novice TrSh)
  7273 | D:8      | Reached XP level 10. HP: 86/86 MP: 10/10
  7314 | D:8      | Found a broken altar of Ashenzari.
  7862 | D:8      | Found an ancient bone altar of Kikubaaqudgha.
  7924 | D:8      | Reached **** piety under Trog
  8090 | D:8      | Found an iron altar of Okawaru.
  8191 | D:8      | Found a staircase to the Lair.
  8214 | D:8      | Reached skill level 9 in Unarmed Combat
  8317 | D:8      | Found a snail-covered altar of Cheibriados.
  8543 | D:8      | Reached skill level 9 in Fighting
  9019 | D:9      | Found a transporter.
  9023 | D:9      | Found a transporter.
  9256 | D:9      | Found a transporter.
  9313 | D:9      | Found a transporter.
  9337 | D:9      | Identified the +1 robe "Cuonic" {rN+ Int-5 Archmagi}
  9430 | D:9      | Found a stormy altar of Qazlal.
  9593 | D:9      | Noticed a two-headed ogre
  9621 | D:9      | Killed a two-headed ogre
  9622 | D:9      | Reached XP level 11. HP: 99/99 MP: 11/11
  9906 | D:9      | Found a burning altar of Makhleb.
  9926 | D:9      | Noticed Grum
  9927 | D:9      | Found a transporter.
  9930 | D:9      | Found a transporter.
  9947 | D:9      | Killed Grum
 10196 | D:10     | Entered Level 10 of the Dungeon
 10200 | D:10     | Noticed a boulder beetle
 10237 | D:9      | Killed a boulder beetle
 10531 | D:10     | Reached skill level 1 in Invocations
 10543 | D:10     | Reached skill level 12 in Unarmed Combat
 10557 | D:10     | Reached skill level 3 in Invocations
 10595 | D:10     | Found a hazy altar of Hepliaklqana.
 10693 | D:10     | Found a white marble altar of Elyvilon.
 10898 | D:10     | Reached skill level 1 in Stealth
 11168 | D:10     | Identified the ring "Vouth" {Fly rElec Str+6 Stlth-}
 11218 | D:10     | Reached ***** piety under Trog
 11291 | D:10     | Found a glowing silver altar of Zin.
 11948 | D:10     | Identified a scroll of acquirement
 12127 | D:11     | Reached skill level 3 in Stealth
 12191 | D:11     | Reached skill level 6 in Dodging
 12227 | D:11     | Found a staircase to the Orcish Mines.
 12237 | D:11     | Noticed Sonja
 12254 | D:11     | Killed Sonja
 12255 | D:11     | Reached XP level 12. HP: 106/106 MP: 15/15
 12405 | D:11     | Identified the +11 war axe of Keeping Extermination {flame,
                  | rN+ Str+5}
 13013 | D:12     | Noticed a two-headed ogre
 13022 | D:12     | Killed a two-headed ogre
 13023 | D:12     | Reached skill level 10 in Shapeshifting
 13196 | D:12     | Noticed a boulder beetle
 13207 | D:12     | Killed a boulder beetle
 13354 | D:12     | Identified the +9 scale mail of the Heavens {Will+}
 13657 | D:12     | Noticed a boulder beetle
 13676 | D:12     | Killed a boulder beetle
 14437 | D:13     | Noticed a four-headed hydra
 14442 | D:13     | Killed a four-headed hydra
 14513 | D:13     | Reached skill level 11 in Shapeshifting
 14778 | D:13     | Noticed a two-headed ogre
 14789 | D:13     | Killed a two-headed ogre
 15093 | D:13     | Noticed a tengu warrior
 15095 | D:13     | Noticed a tengu warrior
 15104 | D:13     | Killed a tengu warrior
 15120 | D:13     | Killed a tengu warrior
 15431 | D:8      | Reached skill level 9 in Dodging
 15824 | Lair:1   | Entered Level 1 of the Lair of Beasts
 16001 | Lair:1   | Reached XP level 13. HP: 113/113 MP: 16/16
 16463 | Lair:1   | Reached skill level 12 in Shapeshifting
 16627 | Lair:1   | Noticed Gastronok
 16642 | Lair:1   | Killed Gastronok
 16642 | Lair:1   | Received a gift from Trog
 17314 | Lair:2   | Found a runed translucent gate.
 17314 | Lair:2   | Found a runed translucent gate.
 17314 | Lair:2   | Found a runed translucent gate.
 17326 | Lair:2   | Noticed gummybears's ghost (journeyman TrFi)
 17609 | Lair:2   | Reached skill level 13 in Shapeshifting
 17804 | Lair:2   | Found a staircase to the Shoals.
 18103 | Lair:2   | Noticed a minotaur
 18405 | Lair:2   | Noticed Amaemon
 18415 | Lair:2   | Killed Amaemon
 18438 | Lair:2   | Reached skill level 14 in Shapeshifting
 19107 | Lair:3   | Reached skill level 6 in Invocations
 19129 | Lair:3   | Reached XP level 14. HP: 87/121 MP: 18/18
 19425 | Lair:3   | Reached skill level 6 in Stealth
 19520 | Lair:3   | Found an ornate altar of the Wu Jian Council.
 19520 | Lair:3   | Found a hide-covered altar of Uskayaw.
 19651 | Lair:3   | Found a staircase to the Snake Pit.
 20399 | Lair:4   | Received a gift from Trog
 20464 | Lair:4   | Found a gate leading to a gauntlet.
 20473 | Gauntlet | Entered a Gauntlet
 20473 | Gauntlet | Found a transporter.
 20473 | Gauntlet | Found a transporter.
 20473 | Gauntlet | Found a transporter.
 20492 | Gauntlet | Found a runed translucent door.
 20495 | Gauntlet | Found a transporter.
 20496 | Gauntlet | Found a transporter.
 20500 | Gauntlet | Found a runed translucent door.
 20504 | Gauntlet | Found a transporter.
 20507 | Gauntlet | Found a transporter.
 20517 | Gauntlet | Found a transporter.
 20535 | Gauntlet | Found a transporter.
 20556 | Gauntlet | Found a transporter.
 20558 | Gauntlet | Found a transporter.
 20572 | Gauntlet | Found a transporter.
 20612 | Gauntlet | Found a runed translucent door.
 20748 | Gauntlet | HP: 6/181 [gargoyle/stone arrow (10)]
 20749 | Gauntlet | Killed from afar by a gargoyle

Illustrated notes

Levels and vault maps discovered:
D:1:      sevenhm_arrival_forest_fort_small_3, layout_basic,
          shapermc_ecumenical_altar_totnotflames, minmay_pentomino_p4
D:2:      layout_basic, dk_vineyard_2, minmay_bisected
D:3:      wad_river_or_something, layout_rooms,
          nicolae_ru_great_annihilating_truth
D:4:      wad_pebble_path, layout_basic,
          nicolae_gozag_cash_rules_everything_around_me
D:5:      minmay_inner_zag, layout_loops_ring, uniq_pikel, uniq_blork_the_orc
D:6:      layout_basic, mainiacjoe_overflow_tiny_flanked
D:7:      layout_loops_corners, nicolae_uskayaw_dance_hall,
          lemuel_temple_firewalk_b, gammafunk_ghost_cemetery, enter_bailey_2,
          minmay_stone_trees_medium, grunt_ministairs_11, minmay_misc_feat_iff
D:8:      layout_loops_ring, slow_altar_1,
          regret_index_kikubaaqudgha_part_by_part,
          mainiacjoe_overflow_large_starburst, lair_entry_dummy, centaur_isle
D:9:      layout_stronghold, nicolae_overflow_crystal_walls,
          mainiacjoe_overflow_six_doors_small, chequers_serial_rivers_micro_c,
          serial_nicolae_subway, nicolae_sub_station_metal,
          nicolae_sub_station_stone, nicolae_sub_station_crystal, uniq_grum
D:10:     layout_roguey, mainiacjoe_overflow_cross_hatched,
          mainiacjoe_overflow_surrounded_room, nicolae_elyvilon_temple_path,
          onia_ninara_cookie
D:11:     layout_rooms, david_orc_1_choice, uniq_sonja
D:12:     layout_cave_pods, portal_ice_cave_demonic_guard, hive_lemuel
D:13:     layout_basic, minivault_16
Lair:1:   layout_long_grid, minmay_shattered_shrine, grunt_megastairs_1,
          infiniplex_staircase_pool, uniq_gastronok
Lair:2:   layout_regular_city, minmay_shoals_entry_beasts,
          maelrawn_ghost_gauntlet_escape, disabler_island, uniq_amaemon
Lair:3:   layout_small_grid, guppyfry_snake_entry_garden,
          nzn_masters_of_martial_movement, lemuel_fruit_tree
Lair:4:   layout_cellular_growth, gauntlet_entry_generic, beast_lair_carwin_5
Gauntlet: minmay_gauntlet_mixed_big_or_small [gammafunk_gauntlet_arena_hedges,
          minmay_gauntlet_arena_77_path, gammafunk_gauntlet_arena_crates,
          minmay_gauntlet_arena_77_shame_cube, gammafunk_gauntlet_arena_mazey,
          minmay_gauntlet_arena_77_terracotta_army,
          dreamdust_gauntlet_exit_labyrinth]

Skill      XL: |  1  2  3  4  5  6  7  8  9 10 11 12 13 14 |
---------------+-------------------------------------------+-----
Dodging        | 2 3 4 5 6 9 10 | 10.0
Fighting       | 2 3 5 7 10 | 10.0
Unarmed Combat | 4 5 6 7 10 12 | 12.0
Shapeshifting  | 4 5 8 9 11 14 | 14.0
Invocations    | 5 6 8 |  8.7
Stealth        | 3 4 5 7 |  7.6

Action                     |  1- 3 |  4- 6 |  7- 9 | 10-12 | 13-15 || total
---------------------------+-------+-------+-------+-------+-------++-------
  Melee: Unarmed           |    88 |   131 |   199 |   780 |   592 ||  1790
         Tailslap          |     7 |    12 |    41 |   139 |   158 ||   357
         Punch             |     1 |     2 |     4 |       |       ||     7
 Invoke: Berserk           |       |     5 |     4 |     9 |     9 ||    27
         Trog's Hand       |       |       |       |     1 |     1 ||     2
Ability: Breathe Frost     |       |       |    25 |    31 |     4 ||    60
  Evoke: Wand              |       |       |       |     2 |    10 ||    12
    Use: Scroll            |    11 |     4 |     1 |    11 |     2 ||    29
         Potion            |       |       |       |       |     3 ||     3
   Stab: Sleeping          |     2 |       |       |       |       ||     2
         Paralysed         |       |     1 |       |       |       ||     1
         Distracted        |       |       |       |     1 |       ||     1
 Armour: Skin              |    41 |    69 |   101 |   286 |   278 ||   775
  Dodge: Dodged            |    46 |    59 |   148 |   726 |   624 ||  1603
   Form: Flux              |       |       |     1 |       |       ||     1

Table legend: (Time is in decaauts)
 A = Elapsed time spent in this place.
 B = Non-inter-level travel time spent in this place.
 C = Inter-level travel time spent in this place.
 D = Time resting spent in this place.
 E = Time spent auto-exploring this place.
 F = Levels seen in this place.
 G = Mean time per level.
                   A        B        C        D        E       F      G
               +--------+--------+--------+--------+--------+-----+--------+
         Total |  20730 |  19927 |    803 |   3883 |  12290 |  18 | 1151.7 |
       Dungeon |  15834 |  15151 |    683 |   2953 |   9510 |  13 | 1218.0 |
          Lair |   4626 |   4506 |    120 |    930 |   2638 |   4 | 1156.5 |
      Gauntlet |    269 |    269 |      0 |      0 |    142 |   1 |  269.0 |
               +--------+--------+--------+--------+--------+-----+--------+

Top non-repeatable levels by time:
     D:8: 2067 daAuts
  Lair:2: 1844 daAuts
    D:10: 1718 daAuts
     D:9: 1548 daAuts
     D:7: 1503 daAuts
    D:12: 1429 daAuts
  Lair:1: 1422 daAuts
     D:5: 1254 daAuts
  Lair:3: 1179 daAuts
    D:13: 1102 daAuts
     D:2: 1011 daAuts
     D:6: 976 daAuts
     D:3: 851 daAuts
     D:1: 831 daAuts
     D:4: 793 daAuts
